 Dungeon Crawl Stone Soup version 0.23.2-40-g277498a001 (webtiles) character file.

Game seed: 5794269309151881680

780 DildoBatman the Conjurer (level 7, -2/69 HPs)
             Began as a Demonspawn Wizard on Aug 16, 2019.
             Killed by divine providence
             ... invoked by an orc priest
              (7 damage)
             ... on level 5 of the Dungeon.
             The game lasted 00:14:51 (4991 turns).

DildoBatman the Conjurer (Demonspawn Wizard)        Turns: 4991, Time: 00:14:52

Health: -2/69      AC: 23    Str:  7    XL:     7   Next: 55%
Magic:  0/11       EV:  2    Int: 26    God:
Gold:   187        SH:  0    Dex: 12    Spells: 5/12 levels left

rFire    . . .     SeeInvis .   a - +0 halberd
rCold    . . .     Gourm    .   (shield currently unavailable)
rNeg     + + +     Faith    .   (armour currently unavailable)
rPois    +         Spirit   +   (helmet currently unavailable)
rElec    .         Reflect  .   (cloak currently unavailable)
rCorr    .         Harm     .   (gloves currently unavailable)
MR       .....     NoTele   +   (boots currently unavailable)
Stlth    ++........             E - amulet of the acrobat
HPRegen  0.21/turn              w - ring of poison resistance
MPRegen  0.12/turn              (no ring)

@: brilliant, tree-form, hasted, very quick
A: foul stench 1, magic shield, rot immunity
a: no special abilities


You were on level 5 of the Dungeon.
You were hungry.
You were a tree.
You visited 1 branch of the dungeon, and saw 5 of its levels.

You collected 187 gold pieces.

Inventory:

Hand Weapons
 a - a +0 halberd (weapon)
 b - a +0 hunting sling
 n - a +0 blowgun
Missiles
 d - 79 stones (quivered)
 e - 54 bolts
 i - 42 poisoned needles
 j - 15 arrows
 p - 37 sling bullets
Armour
 m - the +3 leather armour of Tartarus (melded) {rF+ Slay+5}
   (You found it on level 4 of the Dungeon)

   It affects your accuracy and damage with ranged weapons and melee attacks
   (+5).
   It protects you from fire.
 u - a +1 pair of gloves (melded)
 y - a +0 hat (melded)
 D - a scarf of cloud immunity (melded)
Jewellery
 w - a ring of poison resistance (left branch)
 E - an amulet of the acrobat (around neck)
Scrolls
 c - 4 scrolls of teleportation
 g - a scroll of noise {unknown}
 k - 2 scrolls of immolation
 l - a scroll of amnesia {unknown}
 o - a scroll of blinking {unknown}
 q - 2 scrolls of enchant armour
 r - a scroll of magic mapping {unknown}
 x - a scroll of remove curse
 z - 3 scrolls of identify
 B - a scroll of random uselessness {unknown}
Potions
 f - 4 potions of brilliance
 h - a potion of mutation {unknown}
 s - a potion of lignification
 t - a potion of curing {unknown}
 A - a potion of agility {unknown}
Comestibles
 v - 4 rations


   Skills:
 - Level 1.0 Polearms
 - Level 1.7 Dodging
 * Level 3.3 Stealth
 - Level 3.0 Spellcasting
 - Level 6.0 Conjurations
   Level 1.0 Summonings
   Level 0.8 Translocations
 * Level 2.3 Fire Magic
 * Level 2.3 Air Magic
 * Level 2.5 Poison Magic


You had 5 spell levels left.
You knew the following spells:

 Your Spells              Type           Power        Failure   Level  Hunger
a - Conjure Flame         Conj/Fire      #####...     1%          3    ###....
c - Magic Dart            Conj           ####         1%          1    None
e - Mephitic Cloud        Conj/Pois/Air  #####...     1%          3    ###....

Your spell library contained the following spells:

 Spells                   Type           Power        Failure   Level  Hunger
 Blink                    Tloc           N/A          1%          2    ##.....
 Call Imp                 Summ           ###.....     1%          2    ##.....
 Slow                     Hex            ###.....     1%          2    ##.....


Dungeon Overview and Level Annotations

Branches:
Dungeon (5/15)
 Temple: D:4-7

Altars:
Hepliaklqana
Makhleb
Ru
Wu Jian
Xom
Yredelemnul
Zin

Annotations:
D:4 exclusion: phantom, Ijyb
D:5 Prince Ribbit


Innate Abilities, Weirdness & Mutations

You may emit foul miasma when damaged in melee.
When hurt, damage is shared between your health and your magic reserves.
You are immune to rotting.


Message History

The orc priest hits you but does no damage.
The orc priest closely misses you.
The orc priest mumbles some strange prayers to Beogh against you.
Pain shoots through your body!
The orc priest miscasts a cantrip.
Sorry, you're not good enough to have a special ability.
You feel clever all of a sudden.
It was a potion of lignification.
You turn into a tree.
Your scarf of cloud immunity melds into your body.
Your +0 hat melds into your body.
Your +1 pair of gloves melds into your body.
The +3 leather armour of Tartarus {rF+ Slay+5} melds into your body.
You feel vulnerable to the effects of clouds.
Your roots penetrate the ground.
It was a potion of haste.
You feel yourself speed up.
The orc priest invokes the aid of Beogh against you.
Beogh smites you!
You die...

...........#.# #.#
#########..#.# #.#
...#.####### #.#
##.##........ ..#
#.### #.#... ....
..# #..<# #.# #..#
..# #.#.. #.# #..#
..# #.### #.#
#..###..# #.# #
#♣og...# #.#
###....# #.#
#####.#.########.#
#.og)o#..........#.#
#)################.#
#.# #.# #.# #.# #
#.# #.# .# #g# #.#


You could see an orc priest and a gnoll.

Vanquished Creatures
  A phantom (D:5)
  An ogre (D:4)
  A necrophage (D:5)
  A scorpion (D:4)
  A crimson imp (D:4)
  An orc wizard (D:5)
  A hound (D:5)
  An iguana (D:4)
  7 adders
  17 gnolls
  2 shadow imps (D:5)
  2 oozes
  2 adder skeletons (D:4)
  2 worms
  3 dart slugs
  5 leopard geckos
  4 orcs
  4 bats
  5 giant cockroaches
  7 goblins
  5 hobgoblins
  14 jackals
  7 kobolds
  2 quokkas
  5 ball pythons
  4 frilled lizards
  A quokka skeleton (D:4)
  5 rats
111 creatures vanquished.

Notes
Turn   | Place    | Note
-------+----------+-------------------------------------------
     0 | D:1      | DildoBatman the Demonspawn Wizard began the quest for the
                  | Orb.
     0 | D:1      | Reached XP level 1. HP: 13/13 MP: 4/4
   327 | D:1      | Reached skill level 2 in Conjurations
   327 | D:1      | Gained mutation: You are immune to rotting. [demonic
                  | ancestry]
   327 | D:1      | Reached XP level 2. HP: 4/19 MP: 3/6
  1108 | D:2      | Reached skill level 3 in Conjurations
  1108 | D:2      | Reached XP level 3. HP: 5/24 MP: 0/7
  1810 | D:2      | Reached skill level 4 in Conjurations
  1810 | D:2      | Reached XP level 4. HP: 30/30 MP: 4/8
  2054 | D:2      | Found a hazy altar of Hepliaklqana.
  2360 | D:3      | Found a basalt altar of Yredelemnul.
  2387 | D:3      | Found a glowing silver altar of Zin.
  2387 | D:3      | Found a burning altar of Makhleb.
  2684 | D:2      | Learned a level 3 spell: Conjure Flame
  2688 | D:2      | Learned a level 3 spell: Mephitic Cloud
  2836 | D:3      | Gained mutation: When hurt, damage is shared between your
                  | health and your magic reserves. [demonic ancestry]
  2836 | D:3      | Reached XP level 5. HP: 30/35 MP: 4/9
  2971 | D:3      | Reached skill level 5 in Conjurations
  3270 | D:4      | Got an ichor-stained leather armour
  3281 | D:4      | Identified the +3 leather armour of Tartarus {rF+ Slay+5}
                  | (You found it on level 4 of the Dungeon)
  3362 | D:4      | Found an ornate altar of the Wu Jian Council.
  3617 | D:4      | Reached skill level 6 in Conjurations
  3812 | D:4      | Noticed a phantom
  3827 | D:4      | Noticed Ijyb
  4089 | D:5      | Entered Level 5 of the Dungeon
  4097 | D:4      | Gained mutation: You may emit foul miasma when damaged in
                  | melee. [demonic ancestry]
  4097 | D:4      | Reached XP level 6. HP: 41/41 MP: 6/10
  4294 | D:4      | Reached skill level 1 in Polearms
  4294 | D:4      | Reached skill level 1 in Fire Magic
  4294 | D:4      | Reached skill level 1 in Air Magic
  4294 | D:4      | Reached skill level 1 in Poison Magic
  4439 | D:5      | Reached XP level 7. HP: 35/46 MP: 9/11
  4572 | D:5      | Found a sacrificial altar of Ru.
  4824 | D:5      | Noticed Prince Ribbit
  4865 | D:5      | Found a shimmering altar of Xom.
  4865 | D:5      | Found a shimmering altar of Xom.
  4865 | D:5      | Found a shimmering altar of Xom.
  4866 | D:5      | Found a shimmering altar of Xom.
  4866 | D:5      | Found a shimmering altar of Xom.
  4894 | D:5      | Found a shimmering altar of Xom.
  4904 | D:5      | Found a shimmering altar of Xom.
  4984 | D:5      | HP: 2/46 [orc priest/nerve-wracking pain (6)]
  4991 | D:5      | Killed from afar by an orc priest

Skill      XL: |  1  2  3  4  5  6  7 |
---------------+----------------------+-----
Conjurations   | 2 3 4 6 |  6.0
Stealth        | 2 3 |  3.3
Polearms       | 1 |  1.0
Fire Magic     | 1 2 |  2.3
Air Magic      | 1 2 |  2.3
Poison Magic   | 1 2 |  2.5
Dodging        | |  1.7
Spellcasting   | |  3.0
Summonings     | |  1.0
Translocations | |  0.8

Action                   |  1- 3 |  4- 6 |  7- 9 || total
-------------------------+-------+-------+-------++-------
Melee: Spear             |    29 |    18 |       ||    47
       Halberd           |       |    69 |    48 ||   117
 Fire: Hunting sling     |       |    49 |       ||    49
 Cast: Magic Dart        |    94 |    62 |     4 ||   160
       Mephitic Cloud    |       |     7 |     3 ||    10
       Conjure Flame     |       |       |     1 ||     1
  Use: Scroll            |       |     6 |       ||     6
       Potion            |       |       |     3 ||     3
 Stab: Confused          |       |     6 |     2 ||     8
       Sleeping          |       |       |     3 ||     3
  Eat: Chunk             |     3 |     9 |     1 ||    13
Armor: Robe              |     3 |       |       ||     3
       Leather armour    |     8 |    40 |    11 ||    59
Dodge: Dodged            |    35 |    78 |    19 ||   132
